 Dungeon Crawl Stone Soup version 0.29.1-1-gd02db6906a (webtiles) character file.

Game seed: 9864675738542786779

2 hawla the Conjurer (level 1, 0/14 HPs)
             Began as a Draconian Conjurer on Sept 29, 2022.
             Slain by a quokka (3 damage)
             ... on level 1 of the Dungeon.
             The game lasted 00:00:25 (50 turns).

hawla the Conjurer (Draconian Conjurer)               Turns: 50, Time: 00:00:26

Health: 0/14       AC:  4    Str:  9    XL:     1   Next: 33%
Magic:  1/3        EV: 12    Int: 18    God:
Gold:   11         SH:  0    Dex:  9    Spells: 3/4 levels left

rFire   . . .      SeeInvis .   (no weapon)
rCold   . . .      Faith    .   (no shield)
rNeg    . . .      Spirit   .   (body armour unavailable)
rPois   .          Reflect  .   (helmet restricted)
rElec   .          Harm     .   (no cloak)
rCorr   .          Rampage  .   (no gloves)
Will    .....                   (no boots)
Stlth   ++........              (no amulet)
HPRegen 0.04/turn               (no ring)
MPRegen 0.08/turn               (no ring)

@: no status effects
A: AC +4, unfitting armour, cold-blooded
a: no special abilities


You were on level 1 of the Dungeon.
You visited 1 branch of the dungeon, and saw 1 of its levels.

You collected 11 gold pieces.

Inventory:

Potions
 a - a potion of magic


   Skills:
 + Level 1.7 Dodging
 + Level 1.7 Stealth
 + Level 2.0 Spellcasting
 + Level 4.1 Conjurations


You had 3 spell levels left.
You knew the following spells:

 Your Spells              Type           Power      Damage    Failure   Level
a - Magic Dart            Conj           64%        1d6       3%          1

Your spell library contained the following spells:

 Spells                   Type           Power      Damage    Failure   Level
 Searing Ray              Conj           32%        2d5       4%          2
 Dazzling Flash           Conj/Hex       18%        N/A       24%         3
 Fulminant Prism          Conj/Hex       4%         3d6       61%         4
 Iskenderun's Mystic Bla  Conj/Tloc      9%         2d4       61%         4


Dungeon Overview and Level Annotations

Branches:
Dungeon (1/15)

Altars:


Innate Abilities, Weirdness & Mutations

Your plain brown scales are hard. (AC +4)
You cannot fit into any form of body armour.
You are cold-blooded and may be slowed by cold attacks.


Message History

You hit the quokka but do no damage.
The quokka is moderately wounded.
You closely miss the quokka.
The quokka is moderately wounded.
The quokka barely misses you.
The quokka bites you but does no damage.
The quokka bites you.
You are too injured to fight recklessly!
You are too injured to fight recklessly!
The quokka attacks as you move away! The quokka closely misses you.
The quokka attacks as you move away! The quokka closely misses you.
The quokka attacks as you move away! The quokka barely misses you.
The quokka barely misses you.
You hit the quokka but do no damage.
The quokka is lightly wounded.
The quokka closely misses you.
You miss the quokka.
Your tail-slap misses the quokka.
The quokka is lightly wounded.
The quokka closely misses you.
You hit the quokka but do no damage.
The quokka is lightly wounded.
The quokka bites you.
Casting: Magic Dart (safe; 3% risk of failure)
Confirm with . or Enter, or press ? or * to list all spells.
Aiming: Magic Dart (safe; 3% risk of failure)
Press: ? - help, Shift-Dir - straight line, f - quokka
Aim: a quokka (lightly wounded, 100% to hit)
The magic dart hits the quokka.
You kill the quokka!
You closely miss the quokka.
Your tail-slap misses the quokka.
The quokka barely misses you. The quokka bites you.
You hit the quokka but do no damage. Your punch misses the quokka.
The quokka closely misses you.
You barely miss the quokka. The quokka barely misses you.
The quokka attacks as you move away! The quokka bites you.
* * * LOW HITPOINT WARNING * * *
The quokka attacks as you move away! The quokka misses you.
The quokka barely misses you. The quokka bites you.
You die...

..# #.# #.# #.# ##
#.# #.# #.#
#.######.## ...
..........# #.#
#.......@.#
...#..#####r## #
#.#.. #S# #.
###.†S# #.#
#.###.###.# #.#
..........######.#
.##.........†....#
......############
..###.#


You could see a quokka and a ball python.

Vanquished Creatures
  A hobgoblin (D:1)
  A quokka (D:1)
2 creatures vanquished.

Notes
Turn   | Place    | Note
-------+----------+-------------------------------------------
     0 | D:1      | hawla the Draconian Conjurer began the quest for the Orb.
     0 | D:1      | Reached XP level 1. HP: 14/14 MP: 3/3
    50 | D:1      | Slain by a quokka

Illustrated notes

Levels and vault maps discovered:
D:1:      lightli_arrival_flooded_house, layout_basic, basic_ecumenical_altar,
          serial_shops, nicolae_lakefront_shop, minmay_indecisive_spiral

Action                   || total
-------------------------++-------
Melee: Unarmed           ||     9
 Cast: Magic Dart        ||     4
Armor: Skin              ||     1
Dodge: Dodged            ||    13
